 Dungeon Crawl Stone Soup version 0.29.1-12-g30fa7ad0bf (webtiles) character file.

Game seed: 4443760707697267046

3161 booth the Spear-Bearer (level 9, -4/74 HPs)
             Began as a Purple Draconian Air Elementalist on Dec 29, 2022.
             Was a Believer of Ignis.
             Slain by a hornet (8 damage)
             ... while paralysed by a hornet
             ... on level 8 of the Dungeon on Dec 30, 2022.
             The game lasted 01:02:48 (7246 turns).

booth the Spear-Bearer (DrAE)                       Turns: 7246, Time: 01:02:49

Health: -4/74      AC: 10    Str: 10    XL:     9   Next: 62%
Magic:  15/15      EV:  2    Int: 25    God:    Ignis [**....]
Gold:   217        SH:  0    Dex: 21    Spells: 6/17 levels left

rFire   + . .      SeeInvis .   j - +10 spear of War {drain, Dex+8}
rCold   . . .      Faith    .   (no shield)
rNeg    . . .      Spirit   .   (body armour unavailable)
rPois   .          Reflect  .   (helmet restricted)
rElec   .          Harm     .   (no cloak)
rCorr   +          Rampage  .   g - +2 pair of gloves
Will    +....                   (no boots)
Stlth   +++.......              (no amulet)
HPRegen 0.22/turn               c - ring of resist corrosion
MPRegen 0.14/turn               f - +6 ring of intelligence

@: paralysed, about to teleport
A: breathe power, AC +7, unfitting armour, cold-blooded
a: Breathe Dispelling Energy, Renounce Religion, Fiery Armour, Foxfire Swarm,
Rising Flame


You were on level 8 of the Dungeon.
You worshipped Ignis.
Ignis was pleased with you.
You visited 1 branch of the dungeon, and saw 8 of its levels.

You collected 312 gold pieces.
You spent 95 gold pieces at shops.

Inventory:

Hand Weapons
 b - a +2 war axe of protection
 j - the +10 spear of War (weapon) {drain, Dex+8}
   (You found it on level 2 of the Dungeon)

   A truly terrible weapon, it drains the life of any living foe it strikes.
   Dex:       It affects your dexterity (+8).
 x - a +0 battleaxe
 z - a +2 spear of freezing
 E - a +0 broad axe of flaming
Missiles
 q - a throwing net
 C - a curare-tipped dart
Armour
 g - a +2 pair of gloves (worn)
Magical Staves
 u - a staff of air
Jewellery
 c - a ring of resist corrosion (left hand)
 f - a +6 ring of intelligence (right hand)
 p - a ring of fire
 t - a ring of poison resistance
 w - a +4 ring of evasion
Wands
 l - a wand of paralysis (18)
Scrolls
 e - a scroll of identify
 h - a scroll of teleportation
 m - a scroll of poison
 s - a scroll of summoning
 v - a scroll of magic mapping
 y - a scroll of blinking
Potions
 a - 2 potions of magic
 d - 5 potions of curing
 i - 2 potions of heal wounds {unknown}
 k - a potion of berserk rage {unknown}
 n - a potion of flight {unknown}
 o - 2 potions of lignification
 r - 2 potions of might
 A - a potion of brilliance {unknown}
 B - a potion of ambrosia
 D - a potion of haste {unknown}


   Skills:
 * Level 5.5 Fighting
 + Level 3.0(6.1) Axes
 * Level 8.3(8.5) Polearms
 + Level 4.0 Dodging
 + Level 4.6 Stealth
 + Level 4.6 Spellcasting
 + Level 3.5 Conjurations
 + Level 4.6 Air Magic


You had 6 spell levels left.
You knew the following spells:

 Your Spells              Type           Power      Damage    Failure   Level
a - Shock                 Conj/Air       100%       1d9       1%          1
b - Static Discharge      Conj/Air       26%        3-7/arc   2%          2
c - Swiftness             Air            29%        N/A       3%          3
d - Airstrike             Air            14%        2d(3-19)  12%         4
e - Foxfire               Conj/Fire      56%        2x1d6     4%          1

Your spell library contained the following spells:

 Spells                   Type           Power      Damage    Failure   Level
 Conjure Flame            Conj/Fire      14%        6-21      12%         3
 Inner Flame              Hex/Fire       5%         N/A       26%         3
 Tukima's Dance           Hex            5%         N/A       26%         3
 Flame Wave               Conj/Fire      14%        2d6       38%         4
 Passage of Golubria      Tloc           5%         N/A       65%         4
 Yara's Violent Unravell  Hex/Tmut       2%         3d3       94%         5


Dungeon Overview and Level Annotations

Branches:
Dungeon (8/15)             Temple (0/1) D:6
   Lair: D:8-11

Altars:
Elyvilon
Makhleb
Qazlal
Sif Muna
Trog
Vehumet
Yredelemnul
Ignis

Shops:
D:4 ?   D:6 ::

Annotations:
D:7 2 transporters, KittyFluff's ghost, novice GrFi


Innate Abilities, Weirdness & Mutations

You can breathe bolts of dispelling energy.
Your rich purple scales are hard. (AC +7)
You cannot fit into any form of body armour.
You are cold-blooded and may be slowed by cold attacks.


Message History

* * * LOW HITPOINT WARNING * * *
The hornet barely misses you.
The hornet stings you but does no damage.
You feel better.
You feel yourself speed up.
The hornet stings you but does no damage.
The hornet completely misses you.
You feel better. The hornet barely misses you.
You puncture the hornet! You drain the hornet.
The hornet is almost dead.
The hornet barely misses you.
You barely miss the hornet.
The hornet is almost dead.
The hornet stings you but does no damage.
You closely miss the hornet.
The water moccasin hisses angrily.
You tail-slap the hornet, but do no damage.
The hornet is almost dead.
The hornet stings you!
* * * LOW HITPOINT WARNING * * *
You feel yourself slow down.
The orc wizard gestures wildly while chanting.
The orc wizard flickers and vanishes!
Deactivating autopickup; reactivate with Ctrl-A.
As you read the scroll of teleportation, it crumbles to dust.
You feel strangely unstable. The hornet stings you.
* * * LOW HITPOINT WARNING * * *
You suddenly lose the ability to move!
The hornet stings you but does no damage.
The hornet barely misses you.
The water moccasin bites you but does no damage.
You feel yourself speed up.
The hornet stings you but does no damage.
The water moccasin bites you.
* * * LOW HITPOINT WARNING * * *
The hornet stings you but does no damage.
The water moccasin bites you.
* * * LOW HITPOINT WARNING * * *
The hornet stings you!
You die...

#.##.### #......
#. ##..#.#....
#..........
#<#†#......
###.#†#......
#).{.........
......#y#.......#
.###..#@##.#....#
#. #.S....## # #.
###...... #
..#### .$. ##.#
... ..


You could see a hornet (drained) and a water moccasin.

Vanquished Creatures
  Pikel (D:4)
  Maggie (D:7)
  Prince Ribbit (D:5)
  Eustachio (D:5)
  2 water moccasins
  A sky beast (D:6)
  An orc warrior (D:7)
  2 black bears
  A centaur (D:7)
  2 lemures (D:4)
  A kobold brigand (D:7)
  Blork the orc (D:4)
  A gnoll sergeant (D:5)
  4 scorpions
  2 bullfrogs (D:7)
  A wight (D:7)
  5 killer bees (D:8)
  A howler monkey (D:4)
  A hound (D:7)
  An orc priest (D:7)
  2 orc wizards (D:3)
  Jessica (D:2)
  5 iguanas
  9 gnolls
  9 adders
  A worm (D:2)
  A dart slug (D:2)
  22 orcs
  5 bats
  9 endoplasms
  5 giant cockroaches
  13 goblins
  11 hobgoblins
  10 jackals
  8 quokkas
  3 ball pythons
  5 frilled lizards
  6 kobolds
  3 rats
159 creatures vanquished.

Vanquished Creatures (others)
  18 foxfires
  8 fungi (D:5)
26 creatures vanquished.

Grand Total: 185 creatures vanquished

Notes
Turn   | Place    | Note
-------+----------+-------------------------------------------
     0 | D:1      | booth the Draconian Air Elementalist began the quest for
                  | the Orb.
     0 | D:1      | Reached XP level 1. HP: 14/14 MP: 3/3
   225 | D:1      | Found a faded altar of an unknown god.
   235 | D:1      | Prayed at the altar of an unknown god.
   235 | D:1      | Became a worshipper of Ignis, the Dying Flame
   257 | D:1      | Reached XP level 2. HP: 19/20 MP: 5/5
   275 | D:1      | Learned a level 2 spell: Static Discharge
   830 | D:1      | Reached XP level 3. HP: 27/27 MP: 3/6
  1183 | D:2      | You fall into a shaft and drop 1 floor!
  1246 | D:2      | Reached skill level 1 in Axes
  1256 | D:2      | Identified the +6 ring mail of Ru's Felicitations {*Corrode
                  | rElec rF++}
  1556 | D:2      | Reached XP level 4. HP: 31/34 MP: 5/7
  1573 | D:2      | Reached skill level 1 in Fighting
  1876 | D:2      | Noticed Jessica
  1907 | D:2      | Killed Jessica
  1908 | D:2      | Reached XP level 5. HP: 26/41 MP: 3/8
  2034 | D:2      | Identified the +10 spear of War {drain, Dex+8}
  2567 | D:3      | Learned a level 3 spell: Swiftness
  3059 | D:4      | Noticed Blork the orc
  3066 | D:4      | Killed Blork the orc
  3067 | D:4      | Reached skill level 1 in Polearms
  3067 | D:4      | Reached XP level 6. HP: 50/50 MP: 10/10
  3169 | D:4      | Reached skill level 2 in Polearms
  3201 | D:4      | Found Suthrell's Magic Scroll Shoppe.
  3210 | D:4      | Bought a scroll of summoning for 95 gold pieces
  3542 | D:4      | Noticed Pikel
  3627 | D:4      | Your scales start taking on a rich purple colour.
  3627 | D:4      | Reached XP level 7. HP: 56/56 MP: 12/12
  3651 | D:4      | Reached skill level 3 in Polearms
  3925 | D:4      | Killed Pikel
  3926 | D:4      | Reached skill level 5 in Polearms
  3926 | D:4      | Reached XP level 8. HP: 15/63 MP: 8/13
  4309 | D:5      | Entered Level 5 of the Dungeon
  4318 | D:5      | Found a radiant altar of Vehumet.
  4559 | D:5      | Found a shimmering blue altar of Sif Muna.
  4836 | D:5      | Found a burning altar of Makhleb.
  4867 | D:5      | Noticed Prince Ribbit
  4876 | D:5      | Killed Prince Ribbit
  4877 | D:5      | Reached skill level 6 in Polearms
  4883 | D:5      | Found a stormy altar of Qazlal.
  4883 | D:5      | Found a basalt altar of Yredelemnul.
  4987 | D:5      | Noticed Eustachio
  5005 | D:5      | Killed Eustachio
  5542 | D:6      | Found a staircase to the Ecumenical Temple.
  5554 | D:6      | Found Qyusef's Book Shop.
  5643 | D:6      | Reached skill level 7 in Polearms
  5643 | D:6      | Reached XP level 9. HP: 72/72 MP: 15/15
  5798 | D:6      | Learned a level 4 spell: Airstrike
  6266 | D:6      | Found Jixzij's Book Shoppe.
  6372 | D:7      | Reached skill level 5 in Fighting
  6440 | D:7      | Learned a level 1 spell: Foxfire
  6551 | D:7      | Noticed a queen bee
  6587 | D:7      | Found a transporter.
  6592 | D:7      | Found a transporter.
  6645 | D:7      | Noticed KittyFluff's ghost (novice GrFi)
  6689 | D:7      | Found a bloodstained altar of Trog.
  6691 | D:7      | Found a white marble altar of Elyvilon.
  6799 | D:7      | Noticed Maggie
  6822 | D:7      | Killed Maggie
  6823 | D:7      | Reached skill level 8 in Polearms
  7236 | D:8      | Paralysed by a hornet for 2 turns
  7238 | D:8      | HP: 2/74 [orc priest/divine providence (11)]
  7244 | D:8      | Paralysed by a hornet for 3 turns
  7246 | D:8      | Slain by a hornet

Illustrated notes

Levels and vault maps discovered:
D:1:      spicycebolla_green_bress_n_ham, layout_loops_corners,
          hellmonk_ecumenical_altar_prayer_group
D:2:      layout_rooms, amcnicky_mini_pool_small, kennysheep_nondescript,
          minmay_heptomino_w4, uniq_jessica
D:3:      layout_loops_corners, corexii_item_surrounded_by_moat,
          minmay_misc_feat_square
D:4:      layout_cave_pools, serial_shops, shop, minmay_misc_feat_chi,
          uniq_pikel, uniq_blork_the_orc
D:5:      layout_basic, pf_just_have_faith, lightli_temple_of_fire,
          lemuel_round_altar, mainiacjoe_overflow_large_starburst,
          serial_aquarium, aquarium_bridge_long_separate
          [aquarium_subvault_window, aquarium_subvault_bridge,
          aquarium_subvault_wall, aquarium_subvault_bridge,
          aquarium_subvault_wall, aquarium_subvault_bridge],
          aquarium_window_fake, aquarium_window_corner, aquarium_window_fake,
          aquarium_window_corner, aquarium_view_2a, aquarium_view_2f,
          aquarium_balcony_5b, aquarium_pool_double, uniq_eustachio,
          uniq_prince_ribbit1
D:6:      minmay_evil_eye, layout_gridville, minmay_temple_entry_ruins,
          serial_shops, nicolae_shop_temple_entry_statues_fountains,
          kennysheep_mini
D:7:      layout_loops_ring, lemuel_crystal_altar, elyvilon_altar_5,
          gammafunk_ghost_hive, minmay_checkerbox, uniq_maggie
D:8:      layout_loops_cross, minmay_manual_moon

Skill      XL: |  1  2  3  4  5  6  7  8  9 |
---------------+----------------------------+-----
Dodging        | 2 3 4 |  4.0
Stealth        | 2 3 4 |  4.6
Axes           | 1 2 3 |  3.0
Fighting       | 1 2 3 4 5 |  5.5
Conjurations   | 2 3 |  3.5
Polearms       | 1 2 5 7 8 |  8.3
Spellcasting   | 3 4 |  4.6
Air Magic      | 4 |  4.6

Action                   |  1- 3 |  4- 6 |  7- 9 || total
-------------------------+-------+-------+-------++-------
Melee: War axe           |    59 |    26 |       ||    85
       Unarmed           |     4 |       |       ||     4
       Tailslap          |     4 |     3 |    16 ||    23
       Spear             |       |    72 |   151 ||   223
       Staff             |       |       |     5 ||     5
       Punch             |       |       |     1 ||     1
 Cast: Shock             |    46 |    32 |    35 ||   113
Invok: Foxfire Swarm     |     1 |       |     1 ||     2
       Fiery Armour      |       |     1 |     3 ||     4
  Use: Scroll            |     7 |     4 |     8 ||    19
       Potion            |       |       |     4 ||     4
 Stab: Sleeping          |     2 |     5 |     5 ||    12
       Distracted        |       |       |     1 ||     1
Armor: Skin              |    26 |    19 |    50 ||    95
Dodge: Dodged            |    57 |    46 |    80 ||   183
